 Dungeon Crawl Stone Soup version 0.24.0-37-gcf1ca852f1 (webtiles) character file.

Game seed: 3412443352067994377, levelgen mode: deterministic

2724 Iamsoldier the Changer (level 9, -2/62 HPs)
             Began as an Octopode Transmuter on Nov 23, 2019.
             Was a Follower of Cheibriados.
             Slain by a wolf (10 damage)
             ... led by Grum
             ... on level 8 of the Dungeon.
             The game lasted 00:29:54 (6438 turns).

Iamsoldier the Changer (Octopode Transmuter)        Turns: 6438, Time: 00:29:54

Health: -2/62      AC:  5    Str: 17    XL:     9   Next: 67%
Magic:  15/16      EV: 24    Int: 19    God:    Cheibriados [*.....]
Gold:   207        SH:  0    Dex: 20    Spells: 6/17 levels left

rFire    . . .     SeeInvis .     - Unarmed
rCold    . . .     Gourm    .   (shield currently unavailable)
rNeg     . . .     Faith    .   (helmet currently unavailable)
rPois    x         Spirit   .   n - amulet of regeneration
rElec    .         Reflect  .   h - ring of protection from magic
rCorr    .         Harm     .   s - +3 ring of protection
MR       +....                  l - ring of stealth (curse)
Stlth    +++.......             (no ring)
HPRegen  0.60/turn              (no ring)
MPRegen  0.15/turn              (no ring)
                                (no ring)
                                (no ring)

@: mighty, spider-form, very slow
A: tiny, almost no armour, stealthy swim, (amphibious), 8 rings, (constrict 8)
a: End Transformation, Bend Time, Renounce Religion


You were on level 8 of the Dungeon.
You worshipped Cheibriados.
Cheibriados was aware of your devotion.
You were hungry.
You were a venomous arachnid creature.
You visited 1 branch of the dungeon, and saw 8 of its levels.
You also visited: Sewer.

You collected 207 gold pieces.

Inventory:

Hand Weapons
 a - a +0 hunting sling
Missiles
 b - 10 arrows
 j - 232 stones (quivered)
Armour
 u - a +0 shield
 v - a +2 hat (melded)
Jewellery
 h - a ring of protection from magic (left front leg)
 l - a cursed ring of stealth (on tentacle)
 n - an amulet of regeneration (around neck)
 s - a +3 ring of protection (right front leg)
Wands
 m - a wand of flame (31)
 q - a wand of random effects (17)
Scrolls
 d - a scroll of immolation {unknown}
 e - 4 scrolls of teleportation
 f - 3 scrolls of remove curse
 g - 2 scrolls of blinking {unknown}
 o - 2 scrolls of enchant weapon {unknown}
 p - 2 scrolls of noise {unknown}
 r - a scroll of amnesia {unknown}
 t - a scroll of enchant armour {unknown}
 w - 2 scrolls of identify {unknown}
Potions
 i - a potion of magic {unknown}
 k - 2 potions of might
 z - 3 potions of flight {unknown}
 A - 4 potions of heal wounds {unknown}
 B - 2 potions of brilliance {unknown}
 C - a potion of agility {unknown}
 D - a potion of curing
 E - a potion of berserk rage {unknown}
 F - a potion of mutation {unknown}
Comestibles
 c - 14 rations
 x - 3 chunks of flesh


   Skills:
 + Level 6.0 Fighting
 + Level 5.0 Dodging
 + Level 5.6 Unarmed Combat
 + Level 4.7 Spellcasting
 * Level 6.8 Transmutations
 + Level 3.1 Ice Magic
 - Level 3.0 Poison Magic


You had 6 spell levels left.
You knew the following spells:

 Your Spells              Type           Power        Failure   Level  Hunger
a - Beastly Appendage     Tmut           ####..       4%          1    None
b - Spider Form           Tmut/Pois      ###.......   14%         3    ##.....
c - Teleport Other        Tloc           #.......     58%         3    ##.....
d - Ice Form              Ice/Tmut       ###.....     34%         4    ####...

Your spell library contained the following spells:

 Spells                   Type           Power        Failure   Level  Hunger
 Sticks to Snakes         Tmut           ####....     5%          2    #......
 Confusing Touch          Hex            #.....       30%         1    None
 Magic Dart               Conj           #...         30%         1    None
 Blink                    Tloc           N/A          38%         2    #......
 Shroud of Golubria       Chrm/Tloc      #.....       38%         2    #......
 Blade Hands              Tmut           ####......   43%         5    ######.
 Petrify                  Tmut/Erth      ###.....     52%         4    ####...
 Confuse                  Hex            #.......     58%         3    ##.....
 Gell's Gravitas          Tloc           #.........   58%         3    ##.....
 Lesser Beckoning         Tloc           #.........   58%         3    ##.....
 Yara's Violent Unravell  Hex/Tmut       ###.......   83%         5    ######.
 Passage of Golubria      Tloc           N/A          90%         4    ####...
 Metabolic Englaciation   Hex/Ice        ##........   96%         5    ######.


Dungeon Overview and Level Annotations

Branches:
Dungeon (9/15)              Sewer (visited)
 Temple: D:4-7         Lair: D:8-11         Orc: D:9-12

Altars:
Cheibriados
Okawaru
Qazlal
Ru
Sif Muna
Trog
Vehumet
The Shining One

Annotations:
D:6 1 transporter, Valentain's ghost, novice OpFE
D:8 Grum


Innate Abilities, Weirdness & Mutations

You cannot wear most types of armour.
You are very stealthy in the water. (Stealth+)
((You are amphibious.))
You can wear up to eight rings at the same time.
((You can use your tentacles to constrict eight enemies at once.))
((Your skin changes colour to match your surroundings (Stealth+).))
((Your rubbery body absorbs attacks. (AC +1, EV +1)))


Message History

Grum is moderately wounded.
The wolf completely misses you. Grum hits you with a -2 spear.
* * * LOW HITPOINT WARNING * * *
It was a potion of might.
You feel very mighty all of a sudden. The wolf bites you.
* * * LOW HITPOINT WARNING * * *
The wolf closely misses you. Grum completely misses you.
The wolf howls!
You hit Grum.
Grum looks as sick as possible!
Grum is heavily wounded.
The wolf barely misses you. x2; The wolf bites you.
* * * LOW HITPOINT WARNING * * *
Grum completely misses you.
You closely miss Grum.
Grum is heavily wounded.
The wolf bites you.
* * * LOW HITPOINT WARNING * * *
The wolf bites you!
You die...

...##.......#
.#............## ####
...........#.....###.#.###
...........#......#......#
..........###......>..#
...........##.........#
......#....##.........#
......#...h...........# #
.........gs..........## ..
...........h..........##...
....##.....................
........##............###..
#......###.....#.....#
#...............#......#
............##..#.##.......
....$.......###.... ....#..
....#...#..## ).... ...## .


You could see Grum and 2 wolves.

Vanquished Creatures
  Sigmund (D:6)
  The ghost of Esos the Chiller, an amateur DgIE (D:3)
  3 phantoms
  5 ogres
  A centaur (D:5)
  4 big kobolds
  2 bullfrogs
  A wyvern skeleton (D:8)
  Dowan (D:4)
  A scorpion (D:4)
  3 wights (D:6)
  2 howler monkeys (D:4)
  A crimson imp (D:5)
  A hound (D:5)
  3 orc wizards
  2 orc priests
  A jelly (D:8)
  A centaur skeleton (D:9)
  An iguana (D:5)
  3 worker ants
  11 adders
  11 gnolls
  8 river rats
  2 shadow imps
  5 oozes
  6 worms
  4 leopard geckos
  12 orcs
  5 ball pythons
  8 bats
  8 giant cockroaches
  8 goblins
  13 hobgoblins
  2 jackals (D:5)
  3 quokkas
  8 frilled lizards
  34 kobolds
  A leopard gecko skeleton (D:5)
  24 rats
211 creatures vanquished.

Vanquished Creatures (others)
  Duvessa (D:4)
  A ball python (D:5)
2 creatures vanquished.

Grand Total: 213 creatures vanquished

Notes
Turn   | Place    | Note
-------+----------+-------------------------------------------
     0 | D:1      | Iamsoldier the Octopode Transmuter began the quest for the
                  | Orb.
     0 | D:1      | Reached XP level 1. HP: 13/13 MP: 3/3
   254 | D:1      | Reached XP level 2. HP: 18/18 MP: 3/5
   716 | D:1      | Reached XP level 3. HP: 21/23 MP: 6/6
  1251 | D:2      | Found an iron altar of Okawaru.
  1319 | D:2      | Reached XP level 4. HP: 24/29 MP: 7/7
  1660 | D:2      | Learned a level 3 spell: Spider Form
  2147 | D:3      | Reached XP level 5. HP: 32/34 MP: 8/8
  2217 | D:3      | Reached skill level 1 in Poison Magic
  2565 | D:3      | Reached XP level 6. HP: 30/41 MP: 10/10
  2978 | D:3      | Found a runed translucent door.
  2978 | D:3      | Noticed Esos's ghost (amateur DgIE)
  3017 | D:3      | Killed Esos's ghost
  3017 | D:3      | Reached XP level 7. HP: 13/46 MP: 9/11
  3352 | D:4      | Found a bloodstained altar of Trog.
  3718 | D:4      | Found a shimmering blue altar of Sif Muna.
  3872 | D:4      | Identified Sif Muna's Almanac of the Shark
  4120 | D:4      | Noticed Dowan
  4121 | D:4      | Noticed Duvessa
  4128 | D:4      | Found a stormy altar of Qazlal.
  4143 | D:4      | Killed Duvessa
  4206 | D:4      | Killed Dowan
  4206 | D:4      | Reached XP level 8. HP: 48/54 MP: 9/13
  4211 | D:4      | Learned a level 3 spell: Teleport Other
  4216 | D:4      | Learned a level 4 spell: Ice Form
  4556 | D:4      | Found a radiant altar of Vehumet.
  4679 | D:5      | Entered Level 5 of the Dungeon
  4679 | D:5      | Found a glowing drain.
  4710 | D:5      | Reached skill level 5 in Transmutations
  4757 | D:5      | Reached skill level 1 in Ice Magic
  4762 | Sewer    | Entered a sewer
  4913 | Sewer    | Reached skill level 5 in Fighting
  5376 | D:5      | Found a sacrificial altar of Ru.
  5457 | D:5      | Reached skill level 5 in Unarmed Combat
  5466 | D:5      | Reached XP level 9. HP: 39/61 MP: 12/15
  6068 | D:6      | Found a glowing golden altar of the Shining One.
  6197 | D:6      | Found a snail-covered altar of Cheibriados.
  6205 | D:6      | Became a worshipper of Cheibriados the Contemplative
  6210 | D:6      | Found a transporter.
  6210 | D:6      | Noticed Valentain's ghost (novice OpFE)
  6216 | D:6      | Noticed Sigmund
  6243 | D:6      | Killed Sigmund
  6291 | D:6      | You fall into a shaft and drop 3 floors!
  6337 | D:9      | Reached skill level 5 in Dodging
  6350 | D:9      | Reached * piety under Cheibriados
  6422 | D:8      | Noticed Grum
  6438 | D:8      | Slain by a wolf

Levels and vault maps discovered:
D:1:      erik_arrival_cave_to_civilisation [erik_arrival_cave_to_hall],
          layout_basic
D:2:      layout_loops_ring, lemuel_crystal_altar
D:3:      layout_loops_ring, ebering_ghost_sewer_d, grunt_decor_cap
D:4:      layout_loops_corners, led_sif_book, nicolae_qazlal_general_emergency,
          lemuel_crystal_altar, lemuel_doored_altar,
          chequers_serial_rivers_marsh, minmay_fractal_squares_diagonal_5,
          uniq_duvessa
D:5:      layout_cave_pools, hangedman_ru_absence, portal_sewer_entry_a,
          first_ration
D:6:      corexii_shantytown, layout_basic, nicolae_tso_carved_into_rock,
          overflow_temple_1_default, minmay_temple_entry_butterflies,
          gammafunk_ghost_mausoleum, uniq_menkaure, uniq_blork_the_orc,
          uniq_sigmund
D:8:      layout_cave_pools, lemuel_coloured_pillars_altar, lemuel_round_altar,
          uniq_grum
D:9:      minmay_goldmine, layout_rooms, kennysheep_little_box,
          gammafunk_temple_overflow_statue, enter_bailey_3, blue_anna_alchemist
          [blue_anna_fruit_fields, blue_anna_fruit_fields], minmay_st_funbox

Skill      XL: |  1  2  3  4  5  6  7  8  9 |
---------------+----------------------------+-----
Fighting       | 2 3 4 5 6 |  6.0
Transmutations | 3 4 5 6 |  6.8
Poison Magic   | 1 2 3 |  3.0
Dodging        | 3 4 5 |  5.0
Spellcasting   | 3 4 |  4.7
Unarmed Combat | 4 5 |  5.6
Ice Magic      | 2 3 |  3.1

Action                   |  1- 3 |  4- 6 |  7- 9 || total
-------------------------+-------+-------+-------++-------
Melee: Unarmed           |    61 |   152 |   468 ||   681
       Constrict         |    13 |    33 |    24 ||    70
       Kick              |    10 |    35 |    19 ||    64
       Tentacles         |     4 |    31 |    22 ||    57
       Punch             |     2 |     2 |     5 ||     9
Throw: Boomerang         |       |     3 |     4 ||     7
 Cast: Beastly Appendage |    16 |    23 |    22 ||    61
       Spider Form       |       |     1 |    25 ||    26
  Use: Scroll            |     1 |       |     1 ||     2
       Potion            |       |     5 |     1 ||     6
 Stab: Sleeping          |     4 |     2 |     9 ||    15
  Eat: Chunk             |     1 |     6 |    13 ||    20
Armor: Skin              |     9 |    27 |    66 ||   102
Dodge: Dodged            |    44 |    97 |   460 ||   601
